 Dungeon Crawl Stone Soup version 0.27-a0-1219-g958d993ae5 (webtiles) character file.

Game seed: 6385138783127194984

1641 Shayle the Fighter (level 8, 0/91 HPs)
             Began as an Ogre Warper on June 6, 2021.
             Slain by a manticore (3 damage)
             ... on level 7 of the Dungeon.
             The game lasted 00:15:16 (5899 turns).

Shayle the Fighter (Ogre Warper)                    Turns: 5899, Time: 00:15:17

Health: 0/91       AC:  4    Str: 24    XL:     8   Next: 99%
Magic:  11/11      EV: 11    Int: 20    God:
Gold:   325        SH:  0    Dex: 11    Spells: 4/11 levels left

rFire    . . .     SeeInvis +   q - +6 glaive of Anis {vorpal, Contam Str+8 Int+4 Dex+3}
rCold    . . .     Faith    .   (shield currently unavailable)
rNeg     . . .     Spirit   .   b - +1 robe
rPois    .         Reflect  .   (helmet restricted)
rElec    .         Harm     .   (no cloak)
rCorr    .         Rampage  .   (gloves unavailable)
Will     .....                  (boots unavailable)
Stlth    +.........             (no amulet)
HPRegen  0.25/turn              f - ring of wizardry
MPRegen  0.12/turn              o - ring of see invisible

@: no status effects
A: large, unfitting armour, tough skin 1
a: no special abilities


You were on level 7 of the Dungeon.
You visited 1 branch of the dungeon, and saw 7 of its levels.

You collected 403 gold pieces.
You spent 78 gold pieces at shops.

Inventory:

Hand Weapons
 a - a +0 spear of venom
 j - a +4 dagger of venom
 q - the +6 glaive of Anis (weapon) {vorpal, Contam Str+8 Int+4 Dex+3}
   (You found it on level 4 of the Dungeon)

   It inflicts extra damage upon your enemies.
   It affects your strength (+8).
   It affects your intelligence (+4).
   It affects your dexterity (+3).
   It causes magical contamination when unequipped.
Missiles
 m - 8 boomerangs (quivered)
 s - 37 poisoned darts
 u - 2 javelins
 y - 3 large rocks
 B - 4 silver javelins
 D - 2 throwing nets
Armour
 b - a +1 robe (worn)
Jewellery
 f - a ring of wizardry (left hand)
 o - a ring of see invisible (right hand)
 w - a ring of flight
 A - a ring of fire
Wands
 x - a wand of acid (16)
Scrolls
 c - 2 scrolls of teleportation
 d - 2 scrolls of blinking
 k - a scroll of identify
 p - a scroll of enchant armour
 r - a scroll of amnesia
 v - a scroll of enchant weapon
 z - a scroll of vulnerability
 C - a scroll of silence {unknown}
Potions
 e - 2 potions of curing
 g - a potion of flight
 h - 3 potions of lignification
 i - 3 potions of haste
 l - 3 potions of attraction
 n - 3 potions of degeneration
 t - a potion of invisibility


   Skills:
 + Level 8.8 Fighting
 + Level 6.6 Polearms
 - Level 1.0 Throwing
 + Level 6.1 Dodging
 - Level 2.4 Spellcasting
 - Level 2.6 Translocations


You had 4 spell levels left.
You knew the following spells:

 Your Spells              Type           Power      Damage    Failure   Level
a - Blink                 Tloc           N/A        N/A       3%          2
b - Teleport Other        Tloc           13%        N/A       6%          3
c - Ensorcelled Hibernat  Hex/Ice        4%         N/A       9%          2

Your spell library contained the following spells:

 Spells                   Type           Power      Damage    Failure   Level
 Apportation              Tloc           26%        N/A       1%          1
 Animate Skeleton         Necr           4%         N/A       6%          1
 Corona                   Hex            2%         N/A       6%          1
 Pain                     Necr           8%         1d4       6%          1
 Summon Small Mammal      Summ           8%         N/A       6%          1
 Gell's Gravitas          Tloc           6%         N/A       6%          3
 Lesser Beckoning         Tloc           6%         N/A       6%          3
 Slow                     Hex            2%         N/A       9%          2
 Portal Projectile        Hex/Tloc       14%        N/A       11%         3
 Confusing Touch          Hex            2%         N/A       17%         3
 Dazzling Flash           Conj/Hex       4%         N/A       17%         3
 Inner Flame              Hex/Fire       2%         N/A       17%         3
 Tukima's Dance           Hex            2%         N/A       17%         3
 Vampiric Draining        Necr           1%         2d6       17%         3
 Animate Dead             Necr           1%         N/A       50%         4
 Cause Fear               Hex            1%         N/A       50%         4
 Leda's Liquefaction      Hex/Erth       1%         N/A       50%         4
 Manifold Assault         Tloc           13%        N/A       45%         5
 Agony                    Necr           2%         N/A       82%         5


Dungeon Overview and Level Annotations

Branches:
Dungeon (7/15)
 Temple: D:4-7

Altars:
Ashenzari

Shops:
D:3 ?   D:6 =

Annotations:
D:3 2 transporters, Cyko's ghost, weakling DgFi
D:5 1 runed translucent door, boltboy's ghost, novice MiFi
D:6 1 runed translucent door, bronco's ghost, novice TrAr


Innate Abilities, Weirdness & Mutations

You are too large for most types of armour.
You have tough skin. (AC +1)


Message History

Aim: a white imp (about 35% to evade the +6 glaive of Anis)
You reach to attack!
You slash the white imp!
The white imp is almost dead.
You feel sick.
You slice the white imp!!
You kill the white imp!
You feel very sick.
You start resting.
You feel sick.
A white imp comes into view.
You feel sick.
You feel sick.
You see here a +0 ring mail.
You start resting.
You feel sick. x2
You are no longer poisoned.
You start resting.
A manticore is nearby!
Reach: q) +6 glaive of Anis {vorpal, Contam Str+8 Int+4 Dex+3}
Press: ? - help, Dir - move target, f - manticore
Aim: a manticore (wandering, hasn't noticed you, about 25% to evade the +6 glaive of Anis)
You reach to attack!
You slice the manticore!!
The manticore is heavily wounded.
The manticore flicks its tail.
The volley of spikes misses you.
Reach: q) +6 glaive of Anis {vorpal, Contam Str+8 Int+4 Dex+3}
Press: ? - help, Dir - move target, f/p - manticore
Aim: a manticore (heavily wounded, about 25% to evade the +6 glaive of Anis)
You reach to attack!
You barely miss the manticore.
The manticore is heavily wounded.
The manticore bites you!
* * * LOW HITPOINT WARNING * * *
The manticore claws you.
* * * LOW HITPOINT WARNING * * *
The manticore claws you.
* * * LOW HITPOINT WARNING * * *
You feel better. The manticore bites you!
* * * LOW HITPOINT WARNING * * *
The manticore claws you!
* * * LOW HITPOINT WARNING * * *
The manticore claws you.
You die...

#.....8... #
#####.........
##.##.##...#.....8.8.
5.#.................
... #............
..## ##...........
..###............
##H.#.............
##@.###.....H......
#..##.##...........
##..#.#............
##.............#..
#..#...)[..!...##.
....#.....!.....####
#...##.........### #.
#..# ##.........# ##.
### ##.###...## #..


You could see a manticore.

Vanquished Creatures
  A steam dragon (D:7)
  A water moccasin (D:7)
  2 black bears
  A sky beast (D:6)
  2 ogres (D:5)
  A wyvern zombie (D:5)
  2 scorpions
  A wight (D:7)
  A howler monkey (D:6)
  A bullfrog zombie (D:6)
  2 centaur zombies
  3 jellies
  A hound (D:4)
  An orc priest (D:3)
  2 centaur skeletons
  6 iguanas
  A hound skeleton (D:5)
  4 gnolls (D:4)
  7 adders
  A shadow imp (D:6)
  2 white imps
  An ufetubus (D:6)
  3 dart slugs
  10 orcs
  6 ball pythons
  5 bats
  8 endoplasms
  4 giant cockroaches
  6 goblins
  7 hobgoblins
  5 jackals
  11 kobolds
  4 quokkas
  3 frilled lizards (D:2)
  7 rats
123 creatures vanquished.

Notes
Turn   | Place    | Note
-------+----------+-------------------------------------------
     0 | D:1      | Shayle the Ogre Warper began the quest for the Orb.
     0 | D:1      | Reached XP level 1. HP: 22/22 MP: 3/3
   139 | D:1      | Reached skill level 3 in Fighting
   139 | D:1      | Found a faded altar of an unknown god.
   179 | D:1      | Reached XP level 2. HP: 18/31 MP: 5/5
   649 | D:1      | Reached XP level 3. HP: 31/37 MP: 6/6
  1154 | D:1      | Learned a level 2 spell: Blink
  1158 | D:1      | Learned a level 3 spell: Teleport Other
  1340 | D:2      | Reached XP level 4. HP: 46/48 MP: 7/7
  1506 | D:2      | Noticed a black bear
  1508 | D:2      | Learned a level 2 spell: Ensorcelled Hibernation
  1733 | D:3      | Noticed Cyko's ghost (weakling DgFi)
  1764 | D:3      | Reached skill level 4 in Fighting
  2075 | D:3      | Found a transporter.
  2545 | D:2      | Killed a black bear
  2546 | D:2      | Reached skill level 5 in Fighting
  2546 | D:2      | Reached XP level 5. HP: 31/57 MP: 1/8
  2796 | D:3      | Found a transporter.
  2827 | D:3      | Found Bessoqiha's Magic Scroll Shoppe.
  2849 | D:3      | Bought a scroll of identify for 26 gold pieces
  2849 | D:3      | Bought a scroll of identify for 26 gold pieces
  2849 | D:3      | Bought a scroll of identify for 26 gold pieces
  2903 | D:3      | Reached XP level 6. HP: 52/66 MP: 9/9
  3187 | D:4      | Identified the +6 glaive of Anis {vorpal, Contam Str+8
                  | Int+4 Dex+3}
  3501 | D:4      | Reached skill level 6 in Fighting
  3501 | D:4      | Reached XP level 7. HP: 71/75 MP: 10/10
  3765 | D:4      | Found a broken altar of Ashenzari.
  3845 | D:5      | Entered Level 5 of the Dungeon
  4038 | D:5      | Reached skill level 5 in Polearms
  4110 | D:5      | Reached skill level 7 in Fighting
  4130 | D:5      | Reached skill level 5 in Dodging
  4566 | D:5      | Found a runed translucent door.
  4569 | D:5      | Noticed boltboy's ghost (novice MiFi)
  4743 | D:6      | Reached XP level 8. HP: 87/87 MP: 11/11
  4744 | D:6      | Found a runed translucent door.
  4744 | D:6      | Noticed bronco's ghost (novice TrAr)
  5352 | D:6      | Reached skill level 8 in Fighting
  5566 | D:6      | Identified the +0 helmet of Makhleb's Supremacy {Contam
                  | Rampage Regen+ Int+7}
  5573 | D:6      | Found Nemic's Jewellery Emporium.
  5871 | D:7      | Noticed a manticore
  5899 | D:7      | HP: 3/91 [manticore (10)]
  5899 | D:7      | Slain by a manticore

Illustrated notes

Levels and vault maps discovered:
D:1:      roderic_chinese_lattice_arrival, layout_rooms, basic_ecumenical_altar,
          minmay_split_cup_large
D:2:      layout_loops_ring, minmay_tetromino_i4
D:3:      layout_rooms, serial_shops, shop_statue, gammafunk_ghost_stat_death
D:4:      layout_rooms, ashenzari_conservatory_becter,
          corexii_mini_fake_secret_closet
D:5:      layout_loops_ring, ebering_ghost_sewer_d, patterned_corridor
D:6:      layout_cave_pools, hellmonk_ghost_happy_afterlife, serial_shops,
          nicolae_shop_waterfront, st_stairs_10
D:7:      layout_cave_pools, kennysheep_mini, minmay_temple_entry_poolview,
          serial_column_ruins, column_ruins_corridor_plus,
          column_ruins_columns_corner, column_ruins_grid_1,
          column_ruins_columns_water, column_ruins_open_tiny,
          column_ruins_open_small, minmay_between

Skill      XL: |  1  2  3  4  5  6  7  8 |
---------------+-------------------------+-----
Fighting       | 3 5 6 7 8 |  8.8
Polearms       | 3 4 5 6 |  6.6
Dodging        | 3 4 5 6 |  6.1
Throwing       | |  1.0
Spellcasting   | |  2.4
Translocations | |  2.6

Action                   |  1- 3 |  4- 6 |  7- 9 || total
-------------------------+-------+-------+-------++-------
Melee: Spear             |    73 |       |       ||    73
       Dagger            |    49 |    92 |       ||   141
       Glaive            |       |    18 |    94 ||   112
Throw: Boomerang         |     4 |     1 |     5 ||    10
       Dart              |       |     9 |       ||     9
       Javelin           |       |       |     8 ||     8
 Cast: Teleport Other    |       |     6 |       ||     6
       Blink             |       |     1 |       ||     1
       Ensorcelled Hiber |       |     1 |       ||     1
  Use: Scroll            |       |     8 |     8 ||    16
       Potion            |       |       |     1 ||     1
 Stab: Sleeping          |       |     1 |       ||     1
       Distracted        |       |       |     1 ||     1
Armor: Robe              |    48 |    37 |    23 ||   108
Dodge: Dodged            |    73 |    46 |    80 ||   199

Table legend: (Time is in decaauts)
 A = Elapsed time spent in this place.
 B = Non-inter-level travel time spent in this place.
 C = Inter-level travel time spent in this place.
 D = Time resting spent in this place.
 E = Time spent auto-exploring this place.
 F = Levels seen in this place.
 G = Mean time per level.
                   A        B        C        D        E       F      G
               +--------+--------+--------+--------+--------+-----+--------+
         Total |   5956 |   5588 |    368 |    767 |   3471 |   7 |  850.9 |
       Dungeon |   5956 |   5588 |    368 |    767 |   3471 |   7 |  850.9 |
               +--------+--------+--------+--------+--------+-----+--------+

Top non-repeatable levels by time:
     D:1: 1389 daAuts
     D:5: 1178 daAuts
     D:2: 960 daAuts
     D:3: 799 daAuts
     D:4: 754 daAuts
     D:6: 723 daAuts
     D:7: 150 daAuts
